 Dungeon Crawl Stone Soup version 0.19.0-19-g8c6edcc (webtiles) character file.

13066 evildog the Cleaver (level 12, -6/112 HPs)
             Began as a Hill Orc Fighter on Nov 15, 2016.
             Was the Champion of Makhleb.
             Mangled by a swamp worm (18 damage)
             ... on level 1 of the Lair of Beasts.
             The game lasted 00:25:31 (10184 turns).

evildog the Cleaver (Hill Orc Fighter)             Turns: 10184, Time: 00:25:31

Health: -6/112     AC: 17    Str: 24    XL:     12   Next: 2%
Magic:  19/19      EV:  6    Int:  8    God:    Makhleb [******]
Gold:   367        SH: 11    Dex: 10    Spells: 0 memorised, 11 levels left

rFire  . . .     SeeInvis .     a - +1 war axe
rCold  . . .     Gourm    .     k - +0 chain mail
rNeg   . . .     Faith    +     c - +0 shield
rPois  +         Spirit   .     D - +2 helmet
rElec  .         Reflect  .     e - +0 cloak
rCorr  .         Harm     .     I - +0 pair of gloves
MR     +....                    l - +0 pair of boots
Stlth  ..........               B - amulet of faith
                                M - ring of protection from magic
                                L - ring of poison resistance

@: no status effects
A: no striking features
a: Minor Destruction, Lesser Servant of Makhleb, Major Destruction, Greater
Servant of Makhleb, Renounce Religion


You were on level 1 of the Lair of Beasts.
You worshipped Makhleb.
Makhleb was exalted by your worship.
You were very hungry.

You visited 2 branches of the dungeon, and saw 12 of its levels.

You collected 862 gold pieces.
You spent 495 gold pieces at shops.

Inventory:

Hand Weapons
 a - a +1 war axe (weapon)
Armour
 c - a +0 shield (worn)
 e - a +0 cloak (worn)
 k - a +0 chain mail (worn)
 l - a +0 pair of boots (worn)
 D - a +2 helmet (worn)
 I - a +0 pair of gloves (worn)
Jewellery
 b - an uncursed ring of ice
 B - an amulet of faith (around neck)
 L - a ring of poison resistance (left hand)
 M - a ring of protection from magic (right hand)
Wands
 z - a wand of acid (10/15)
 G - a wand of lightning (5/15)
Scrolls
 i - 5 scrolls of enchant weapon
 n - 5 scrolls of teleportation {unknown}
 p - a scroll of noise {unknown}
 t - a scroll of magic mapping {unknown}
 u - 2 scrolls of immolation
 y - a scroll of torment {unknown}
 E - a scroll of fog {unknown}
 H - 2 scrolls of recharging {unknown}
 J - a scroll of random uselessness {unknown}
 K - a scroll of holy word {unknown}
 O - a scroll of enchant armour {unknown}
 P - 2 scrolls of identify
Potions
 d - a potion of mutation {unknown}
 g - 2 potions of flight {unknown}
 h - a potion of invisibility
 m - 3 potions of haste {unknown}
 o - 3 potions of heal wounds {unknown}
 q - 3 potions of lignification
 r - 2 potions of agility
 v - a potion of resistance
 N - a potion of cancellation {unknown}
Miscellaneous
 j - a box of beasts
Comestibles
 f - 7 bread rations
 s - a chunk of flesh
 x - 3 meat rations
 A - 6 fruits
 C - 7 slices of pizza
 F - 2 beef jerkies


   Skills:
 + Level 12.2 Fighting
 + Level 14.0 Axes
 + Level 7.2 Armour
 + Level 7.6 Shields
 * Level 10.4 Invocations


You had 11 spell levels left.
You didn't know any spells.

Dungeon Overview and Level Annotations

Branches:
Dungeon (11/15)            Temple (0/1) D:6            Lair (1/6) D:10
    Orc: D:9-12

Altars:
Fedhas
Gozag
Kikubaaqudgha
Makhleb
Nemelex Xobeh
Ru
Xom
Yredelemnul
Zin
The Shining One

Shops:
D:9 =


Message History

The swamp worm is lightly wounded.
The swamp worm bites you!
You slash the swamp worm!
The swamp worm is heavily wounded.
You block the swamp worm's attack.
You miss the swamp worm.
The swamp worm is heavily wounded.
The swamp worm bites you!
You slash the swamp worm!
The swamp worm is severely wounded.
The swamp worm bites you!
* * * LOW HITPOINT WARNING * * *
You feel better. The swamp worm bites you!
* * * LOW HITPOINT WARNING * * *
You feel better. The swamp worm bites you!
* * * LOW HITPOINT WARNING * * *
Your chain mail prevents you from hitting the swamp worm.
The swamp worm is severely wounded.
The swamp worm bites you!!
You die...

##.#######.......#
#................#
.................#
.................#
.....≈≈≈≈≈≈≈.....#
...≈≈≈≈≈≈≈≈≈≈≈...#
..†≈≈#######≈≈≈..#
..≈≈##≈≈≈≈≈#≈≈≈..#
..≈≈#!≈≈≈≈†≈≈≈≈w@#
..≈≈##≈≈≈≈†#≈≈≈..#
..≈≈≈#######≈≈≈.##
...≈≈≈≈≈≈≈≈≈≈≈..##
.....≈≈≈≈≈≈≈....P#
................P#
.................#
..............P###
..........#...##


You could see a swamp worm.

Vanquished Creatures
  Erica (D:8)
  A queen ant (D:9)
  Pikel (D:6)
  A spiny frog (Lair:1)
  A troll (D:10)
  Grinder (D:3)
  2 hippogriffs
  9 yaks
  A human (D:7)
  3 hungry ghosts
  4 hogs (D:7)
  7 soldier ants (D:9)
  A swamp worm (Lair:1)
  Duvessa (D:6)
  3 black bears
  2 orc warriors
  An ice beast (D:10)
  A necrophage (D:9)
  2 eyes of draining
  10 wolves (Lair:1)
  4 phantoms
  5 ogres
  5 centaurs
  9 bullfrogs
  Dowan (D:6)
  2 scorpions
  10 killer bees
  15 wights
  5 howler monkeys
  6 crimson imps
  4 jellies
  7 hounds
  2 orc priests (D:6)
  2 bullfrog skeletons
  2 bullfrog zombies (D:9)
  A gnoll shaman (D:5)
  Jessica (D:3)
  A centaur skeleton (D:7)
  Ijyb (D:3)
  An iguana (D:8)
  5 orc wizards
  28 worker ants
  A hell rat (D:8)
  A hound skeleton (D:7)
  2 howler monkey zombies
  A worker ant zombie (D:6)
  12 gnolls
  9 adders
  6 river rats (D:8)
  2 shadow imps
  4 oozes
  An adder zombie (D:5)
  3 adder skeletons
  15 worms
  A dart slug (D:2)
  6 leopard geckos
  23 orcs
  6 bats
  A giant cockroach (D:2)
  3 hobgoblins (D:2)
  16 jackals
  3 quokkas
  2 ball pythons
  7 frilled lizards
  9 goblins
  A jackal zombie (D:4)
  12 kobolds
  A quokka skeleton (D:6)
  23 rats
  A plant (Lair:1)
342 creatures vanquished.

Vanquished Creatures (others)
  2 slaves
  A wight (D:9)
  2 jackals (D:6)
  3 plants (Lair:1)
8 creatures vanquished.

Grand Total: 350 creatures vanquished

Notes
Turn   | Place    | Note
-------+----------+-------------------------------------------
     0 | D:1      | evildog the Hill Orc Fighter began the quest for the Orb.
     0 | D:1      | Reached XP level 1. HP: 19/19 MP: 1/1
    29 | D:1      | Reached skill level 3 in Axes
    47 | D:1      | Reached XP level 2. HP: 23/26 MP: 2/2
   133 | D:1      | Reached skill level 4 in Axes
   523 | D:1      | Reached XP level 3. HP: 31/31 MP: 3/3
   842 | D:2      | Found a faded altar of an unknown god.
   846 | D:2      | Found a burning altar of Makhleb.
   853 | D:2      | Reached skill level 5 in Axes
   853 | D:2      | Reached XP level 4. HP: 36/39 MP: 4/4
   915 | D:2      | Became a worshipper of Makhleb the Destroyer
  1107 | D:2      | Reached skill level 6 in Axes
  1387 | D:3      | Reached XP level 5. HP: 10/45 MP: 5/5
  1669 | D:3      | Reached skill level 7 in Axes
  1854 | D:3      | Found a shimmering altar of Xom.
  1939 | D:3      | Reached * piety under Makhleb
  1978 | D:3      | Noticed Ijyb
  1988 | D:3      | Killed Ijyb
  1988 | D:3      | Reached skill level 8 in Axes
  2025 | D:3      | Noticed Jessica
  2029 | D:3      | Reached XP level 6. HP: 51/51 MP: 6/6
  2030 | D:3      | Killed Jessica
  2031 | D:3      | Noticed Grinder
  2050 | D:3      | Paralysed by Grinder for 5 turns
  2066 | D:3      | Killed Grinder
  2066 | D:3      | Reached skill level 9 in Axes
  2066 | D:3      | Reached XP level 7. HP: 50/57 MP: 7/7
  2219 | D:4      | Found a sacrificial altar of Ru.
  2223 | D:4      | Found a glowing golden altar of the Shining One.
  2253 | D:4      | Reached skill level 10 in Axes
  2575 | D:4      | Found a sparkling altar of Nemelex Xobeh.
  2791 | D:4      | Reached skill level 5 in Fighting
  3054 | D:5      | Entered Level 5 of the Dungeon
  3072 | D:5      | Reached XP level 8. HP: 69/69 MP: 8/8
  3457 | D:5      | Found an opulent altar of Gozag.
  3467 | D:5      | Reached ** piety under Makhleb
  3645 | D:5      | Reached skill level 11 in Axes
  4237 | D:6      | Found a basalt altar of Yredelemnul.
  4307 | D:6      | Noticed Pikel
  4325 | D:6      | Killed Pikel
  4325 | D:6      | Reached XP level 9. HP: 75/85 MP: 9/9
  4398 | D:6      | Noticed Duvessa
  4400 | D:6      | Noticed Dowan
  4416 | D:6      | Killed Duvessa
  4416 | D:6      | Reached skill level 10 in Fighting
  4422 | D:6      | Killed Dowan
  4531 | D:6      | Reached skill level 12 in Axes
  4568 | D:6      | Found a staircase to the Ecumenical Temple.
  4731 | D:6      | Reached *** piety under Makhleb
  5121 | D:7      | Found a blossoming altar of Fedhas.
  5351 | D:7      | Reached skill level 1 in Invocations
  5785 | D:7      | Reached XP level 10. HP: 88/94 MP: 12/12
  6102 | D:8      | Reached skill level 5 in Shields
  6212 | D:8      | Noticed Erica
  6236 | D:8      | Killed Erica
  6236 | D:8      | Reached skill level 5 in Armour
  6236 | D:8      | Reached skill level 5 in Invocations
  6246 | D:8      | Reached **** piety under Makhleb
  6431 | D:8      | Found an ancient bone altar of Kikubaaqudgha.
  6535 | D:8      | Found a glowing silver altar of Zin.
  6781 | D:8      | Reached skill level 13 in Axes
  7127 | D:9      | Reached ***** piety under Makhleb
  7238 | D:9      | Noticed a queen ant
  7275 | D:9      | Killed a queen ant
  7349 | D:9      | Reached XP level 11. HP: 102/102 MP: 16/16
  8074 | D:9      | Found Zehi's Jewellery Emporium.
  8085 | D:9      | Bought an uncursed ring of poison resistance for 220 gold pieces
  8085 | D:9      | Bought an uncursed ring of protection from magic for 275 gold pieces
  8245 | D:10     | Entered Level 10 of the Dungeon
  8517 | D:10     | Found a staircase to the Lair.
  8760 | D:10     | Reached ****** piety under Makhleb
  9688 | Lair:1   | Entered Level 1 of the Lair of Beasts
  9764 | Lair:1   | Reached skill level 10 in Invocations
  9805 | Lair:1   | Reached skill level 14 in Axes
 10090 | Lair:1   | Reached XP level 12. HP: 112/112 MP: 19/19
 10184 | Lair:1   | Mangled by a swamp worm

Skill      XL: |  1  2  3  4  5  6  7  8  9 10 11 |
---------------+----------------------------------+-----
Axes           | 3 4 5 6 8 9 10 11 12 13 14 | 14.0
Fighting       | 5 9 10 11 12 | 12.2
Shields        | 4 6 7 |  7.6
Armour         | 4 5 7 |  7.2
Invocations    | 3 7 10 | 10.4

Action                   |  1- 3 |  4- 6 |  7- 9 | 10-12 || total
-------------------------+-------+-------+-------+-------++-------
Melee: War axe           |    68 |    96 |   402 |   826 ||  1392
       Unarmed           |       |     5 |       |       ||     5
Invok: Lesser Servant of |       |       |       |     1 ||     1
  Use: Potion            |     1 |     1 |       |     3 ||     5
       Scroll            |       |     1 |     7 |     2 ||    10
 Stab: Confused          |       |     1 |       |       ||     1
  Eat: Chunk             |       |     4 |    12 |    17 ||    33
       Pizza             |       |       |     1 |       ||     1
       Beef jerky        |       |       |       |     2 ||     2
Armor: Scale mail        |    41 |    33 |   116 |       ||   190
       Chain mail        |       |       |    52 |   317 ||   369
       Skin              |       |       |       |     5 ||     5
Dodge: Dodged            |    29 |    36 |    90 |   151 ||   306
Block: Shield            |    39 |    39 |   174 |   387 ||   639
